 Dungeon Crawl Stone Soup version 0.20.0-1-g1cb1d84 (webtiles) character file.

3381 Hildebrand the Fighter (level 9, 0/89 (90) HPs)
             Began as a Minotaur Berserker on May 25, 2017.
             Was an Elder of Trog.
             Slain by a hippogriff (2 damage)
             ... on level 8 of the Dungeon on May 27, 2017.
             The game lasted 00:32:55 (6711 turns).

Hildebrand the Fighter (Minotaur Berserker)         Turns: 6711, Time: 00:32:56

HP:   0/89 (90)     AC: 14    Str: 23    XL:     9   Next: 74%
MP:   8/8           EV: 10    Int:  6    God:    Trog [****..]
Gold: 417           SH:  0    Dex: 10    Spells: 8/8 levels left

rFire    . . .     SeeInvis .   r - +10 war axe "Cudwell" {freeze, rC+}
rCold    + . .     Gourm    .   (no shield)
rNeg     . . .     Faith    .   e - +1 plate armour
rPois    .         Spirit   .   (helmet restricted)
rElec    .         Reflect  .   z - +1 cloak
rCorr    .         Harm     .   (no gloves)
MR       .....                  (no boots)
Stlth    ..........             (no amulet)
Regen    0.3/turn               i - +3 ring of evasion
MPRegen  0.2/turn               (no ring)

@: no status effects
A: retaliatory headbutt, horns 2
a: Berserk, Trog's Hand, Brothers in Arms, Burn Spellbooks, Renounce Religion


You were on level 8 of the Dungeon.
You worshipped Trog.
Trog was greatly pleased with you.
You were not hungry.

You visited 2 branches of the dungeon, and saw 9 of its levels.

You collected 417 gold pieces.

Inventory:

Hand Weapons
 r - the +10 war axe "Cudwell" (weapon) {freeze, rC+}
   (You found it on level 5 of the Dungeon)

   It has been specially enchanted to freeze those struck by it, causing extra
   injury to most foes and up to half again as much damage against particularly
   susceptible opponents.
   It can also slow down cold-blooded creatures.
   It protects you from cold.
 t - a +2 broad axe of flaming
Armour
 e - a +1 plate armour (worn)
 z - a +1 cloak (worn)
Jewellery
 i - a +3 ring of evasion (left hand)
Wands
 a - a wand of iceblast (12/15)
 v - a wand of paralysis (10/24)
Scrolls
 b - 2 scrolls of magic mapping
 l - 4 scrolls of teleportation
 o - 4 scrolls of remove curse
 p - a scroll of enchant weapon
 q - a scroll of enchant armour
Potions
 d - 3 potions of heal wounds
 f - 2 potions of agility
 g - 4 potions of curing
 j - a potion of cancellation
 m - 3 potions of haste
 s - a potion of flight
Comestibles
 c - a bread ration
 h - 20 fruits
 k - 6 meat rations
 u - a royal jelly


   Skills:
 * Level 11.8 Fighting
 * Level 11.7 Axes
 + Level 3.4 Armour
 + Level 3.1 Dodging


You had 8 spell levels left.
You didn't know any spells.

Dungeon Overview and Level Annotations

Branches:
Dungeon (8/15)             Temple (1/1) D:6
   Lair: D:8-11

Altars:
Ashenzari
Cheibriados
Fedhas
Gozag
Kikubaaqudgha
Makhleb
Nemelex Xobeh
Okawaru
Qazlal
Ru
Trog
Uskayaw
Vehumet
Xom
Yredelemnul
The Shining One


Innate Abilities, Weirdness & Mutations

You reflexively headbutt those who attack you in melee.
You have a pair of horns on your head.


Message History

Huge Dmg: -6%(-5hp) hp: 14%(12hp)
The hippogriff bites you.
* * * LOW HITPOINT WARNING * * *
The hippogriff pecks you but does no damage.
The hippogriff claws you.
* * * LOW HITPOINT WARNING * * *
Huge Dmg: -5%(-4hp) hp: 9%(8hp)
The hippogriff barely misses you. The hippogriff pecks you.
* * * LOW HITPOINT WARNING * * *
The hippogriff claws you.
* * * LOW HITPOINT WARNING * * *
Huge Dmg: -7%(-7hp) hp: 2%(1hp)
The hippogriff closely misses you.
The hippogriff pecks you but does no damage.
The hippogriff claws you but does no damage.
Unknown command.
The hippogriff closely misses you. The hippogriff barely misses you.
The hippogriff claws you but does no damage.
The hippogriff bites you.
You die...

#!# #.# ###.#####
#.......###
#.#.###.... ##.#.#
#..## ##. #.###..# #
###...#..##..####...#
............†@Hoo.$..
###...#...#..###....#
##....#....# ...
####...##.... #
#.######## #.# #.#
#.# #.


You could see a hippogriff, an orc wizard and an orc.

Vanquished Creatures
  The ghost of Morgon the Cleaver, a novice DsGl (D:4)
  A wraith (D:7)
  Eustachio (D:6)
  A hungry ghost (D:7)
  Menkaure (D:7)
  An orc warrior (D:7)
  2 ice beasts
  A sky beast (D:5)
  A necrophage (D:7)
  A centaur (D:6)
  2 ogres
  4 phantoms
  3 bullfrogs
  4 scorpions
  2 howler monkeys
  2 crimson imps
  A quasit (D:7)
  A centaur zombie (D:7)
  A centaur skeleton (D:7)
  A jelly (D:7)
  2 hounds
  4 orc priests (D:4)
  Crazy Yiuf (D:4)
  3 iguanas
  6 orc wizards
  3 worker ants
  A hound zombie (D:8)
  A hound skeleton (D:5)
  A mummy (D:7)
  A worker ant zombie (D:6)
  6 adders
  A shadow imp (D:5)
  An adder zombie (D:7)
  4 worms
  A dart slug (D:2)
  4 leopard geckos
  25 orcs
  5 bats
  5 giant cockroaches
  5 goblins
  5 hobgoblins
  10 jackals
  5 quokkas
  A ball python (D:2)
  7 frilled lizards
  4 kobolds
  A leopard gecko skeleton (D:7)
  A quokka skeleton (D:4)
  A quokka zombie (D:5)
  10 rats
157 creatures vanquished.

Notes
Turn   | Place    | Note
-------+----------+-------------------------------------------
     0 | D:1      | Hildebrand the Minotaur Berserker began the quest for the Orb.
     0 | D:1      | Reached XP level 1. HP: 19/19 MP: 0/0
    10 | D:1      | Huge Dmg: 10 dmg
    11 | D:1      | Huge Dmg: 3 dmg
   341 | D:1      | Reached XP level 2. HP: 27/27 MP: 1/1
   731 | D:1      | Reached ** piety under Trog
  1060 | D:2      | Reached XP level 3. HP: 32/34 MP: 2/2
  1078 | D:2      | Found a hide-covered altar of Uskayaw.
  1633 | D:2      | Found a sacrificial altar of Ru.
  1745 | D:2      | Found a faded altar of an unknown god.
  1890 | D:2      | Upgraded the game from 0.20.0 to 0.20.0-1-g1cb1d84
  1940 | D:3      | Reached skill level 5 in Fighting
  2047 | D:3      | Reached XP level 4. HP: 42/42 MP: 3/3
  2315 | D:3      | Reached skill level 5 in Axes
  2490 | D:3      | Reached XP level 5. HP: 49/49 MP: 4/4
  2867 | D:4      | Noticed Morgon's ghost (novice DsGl)
  2879 | D:4      | Huge Dmg: 8 dmg
  2882 | D:4      | Huge Dmg: 12 dmg
  2883 | D:4      | Huge Dmg: 10 dmg
  2885 | D:4      | Huge Dmg: 5 dmg
  2891 | D:4      | Huge Dmg: 10 dmg
  2891 | D:4      | Killed Morgon's ghost
  2891 | D:4      | Reached XP level 6. HP: 6/60 MP: 5/5
  2891 | D:4      | Reached XP level 7. HP: 6/66 MP: 6/6
  2896 | D:4      | Huge Dmg: 2 dmg
  3424 | D:4      | Huge Dmg: 14 dmg
  3432 | D:4      | Huge Dmg: 9 dmg
  3729 | D:4      | Reached *** piety under Trog
  4031 | D:4      | Found a runed door.
  4036 | D:4      | Noticed Crazy Yiuf
  4042 | D:4      | Killed Crazy Yiuf
  4282 | D:5      | Entered Level 5 of the Dungeon
  4329 | D:5      | Reached XP level 8. HP: 75/75 MP: 7/7
  4510 | D:5      | Got an ancient war axe
  4511 | D:5      | Identified the +10 war axe "Cudwell" {freeze, rC+} (You found it on level 5 of the Dungeon)
  5012 | D:6      | Noticed Eustachio
  5028 | D:6      | Killed Eustachio
  5028 | D:6      | Reached **** piety under Trog
  5170 | D:6      | Reached skill level 10 in Fighting
  5217 | D:6      | Reached skill level 10 in Axes
  5245 | D:6      | Found a sparkling altar of Nemelex Xobeh.
  5291 | D:6      | Found an iron altar of Okawaru.
  5294 | D:6      | Found a glowing golden altar of the Shining One.
  5294 | D:6      | Found a radiant altar of Vehumet.
  5426 | D:6      | Found a staircase to the Ecumenical Temple.
  5491 | Temple   | Entered the Ecumenical Temple
  5596 | D:6      | Reached XP level 9. HP: 86/86 MP: 8/8
  5841 | D:7      | Found a basalt altar of Yredelemnul.
  5842 | D:7      | Noticed Menkaure
  5844 | D:7      | Found an ancient bone altar of Kikubaaqudgha.
  6562 | D:7      | Huge Dmg: 54 dmg
  6562 | D:7      | Killed Menkaure
  6704 | D:8      | Huge Dmg: 6 dmg
  6706 | D:8      | Huge Dmg: 5 dmg
  6707 | D:8      | Huge Dmg: 5 dmg
  6708 | D:8      | Huge Dmg: 4 dmg
  6708 | D:8      | HP: 2/89 [hippogriff (6)]
  6709 | D:8      | Huge Dmg: 7 dmg
  6711 | D:8      | Slain by a hippogriff

Skill      XL: |  1  2  3  4  5  6  7  8  9 |
---------------+----------------------------+-----
Axes           | 4 5 7 8 10 11 | 11.7
Fighting       | 4 5 7 8 10 11 | 11.8
Armour         | 3 |  3.4
Dodging        | 3 |  3.1

Action                   |  1- 3 |  4- 6 |  7- 9 || total
-------------------------+-------+-------+-------++-------
Melee: Hand axe          |   132 |    55 |    29 ||   216
       Headbutt          |     8 |    16 |    41 ||    65
       War axe           |       |       |   197 ||   197
Invok: Trog's Hand       |       |     1 |     3 ||     4
       Berserk           |       |     1 |     1 ||     2
       Burn Spellbooks   |       |       |     2 ||     2
  Use: Scroll            |     5 |     1 |    10 ||    16
  Eat: Chunk             |     4 |     2 |     9 ||    15
       Bread ration      |       |       |     2 ||     2
Armor: Plate armour      |   108 |    31 |   141 ||   280
Dodge: Dodged            |    36 |    19 |   140 ||   195
